 Dungeon Crawl Stone Soup version 0.29.1-1-gd02db6906a (webtiles) character file.

Game seed: 17951909882259594016

610 virigoth the Caller (level 7, -3/31 HPs)
             Began as a Felid Summoner on Sept 20, 2022.
             Was an Initiate of Gozag.
             Killed by divine providence
             ... invoked by an orc priest
              (13 damage)
             ... on level 6 of the Dungeon.
             The game lasted 00:40:04 (6880 turns).

virigoth the Caller (Felid Summoner)                Turns: 6880, Time: 00:40:04

Health: -3/31      AC:  2    Str: 10    XL:     7   Next: 20%
Magic:  9/15       EV: 20    Int: 19    God:    Gozag
Gold:   323        SH:  0    Dex: 16    Spells: 2/15 levels left
                                        Lives:  0   Deaths: 2

rFire   + . .      SeeInvis +   (weapon unavailable)
rCold   . . .      Faith    .   (shield unavailable)
rNeg    . . .      Spirit   .   (body armour unavailable)
rPois   .          Reflect  .   (helmet unavailable)
rElec   .          Harm     .   (cloak unavailable)
rCorr   .          Rampage  .   (gloves unavailable)
Will    +....                   (boots unavailable)
Stlth   ++........              (no amulet)
HPRegen 0.10/turn               n - ring of protection from fire
MPRegen 0.14/turn               m - +6 ring of strength

@: quick
A: very small, claws 1, fangs 3, see invisible, speed 1, shaggy fur 2, stealthy
paws, no weapons or thrown items, no armour, multi-lived
a: Renounce Religion, Potion Petition, Call Merchant, Bribe Branch


You were on level 6 of the Dungeon.
You worshipped Gozag.
Gozag was aware of your devotion.
You visited 2 branches of the dungeon, and saw 8 of its levels.

You collected 417 gold pieces.
You paid 94 gold pieces to Gozag.

Inventory:

Jewellery
 l - a ring of fire
 m - a +6 ring of strength (right paw)
 n - a ring of protection from fire (left paw)
 q - a ring of ice
Wands
 o - a wand of polymorph (7)
 s - a wand of light (3)
Scrolls
 b - 2 scrolls of teleportation
 d - a scroll of fear {unknown}
 j - 2 scrolls of butterflies
 k - 2 scrolls of noise {unknown}
 t - a scroll of magic mapping {unknown}
Potions
 a - 2 potions of magic
 c - a potion of flight
 e - a potion of resistance
 f - 2 potions of haste
 g - a potion of brilliance
 h - a potion of berserk rage
 p - a potion of heal wounds
 r - a potion of ambrosia {unknown}


   Skills:
 + Level 3.7 Fighting
 + Level 5.7 Dodging
 - Level 2.6 Stealth
 + Level 4.9 Spellcasting
 - Level 5.0 Hexes
 + Level 6.4 Summonings
 + Level 1.8 Air Magic


You had 2 spell levels left.
You knew the following spells:

 Your Spells              Type           Power      Damage    Failure   Level
a - Summon Small Mammal   Summ           100%       N/A       1%          1
b - Call Imp              Summ           29%        N/A       1%          2
c - Call Canine Familiar  Summ           29%        N/A       2%          3
d - Summon Guardian Gole  Hex/Summ       26%        N/A       3%          3
e - Summon Lightning Spi  Summ/Air       20%        N/A       22%         4

Your spell library contained the following spells:

 Spells                   Type           Power      Damage    Failure   Level
 Shock                    Conj/Air       32%        1d5       9%          1
 Apportation              Tloc           8%         N/A       13%         1
 Freeze                   Ice            16%        1d4       13%         1
 Necrotise                Necr           16%        1d4       13%         1
 Sandblast                Erth           8%         2d5       13%         1
 Passwall                 Tmut/Erth      3%         N/A       19%         2
 Swiftness                Air            11%        N/A       17%         3
 Frozen Ramparts          Ice            8%         1d2       36%         3
 Stone Arrow              Conj/Erth      8%         3d7       36%         3
 Leda's Liquefaction      Hex/Erth       7%         N/A       41%         4
 Airstrike                Air            5%         2d(1-17)  50%         4
 Hailstorm                Conj/Ice       4%         3d4       77%         4
 Portal Projectile        Hex/Tloc       Unusable   N/A       N/A         3

Dungeon Overview and Level Annotations

Branches:
Dungeon (7/15)             Temple (1/1) D:4

Altars:
Ashenzari
Dithmenos
Fedhas
Gozag
Hepliaklqana
Kikubaaqudgha
Makhleb
Nemelex Xobeh
Qazlal
Ru
Trog
Uskayaw
Vehumet
Xom
Yredelemnul
The Shining One

Annotations:
D:2 Robin
D:3 2 transporters
D:7 Dowan, Duvessa
Temple 2 transporters


Innate Abilities, Weirdness & Mutations

You have sharp claws.
You have razor-sharp teeth.
You have supernaturally acute eyesight. (SInv)
You cover ground quickly. (Speed+)
You are covered in thick fur. (AC +2)
Your paws help you pounce on unaware monsters.
You are incapable of wielding weapons or throwing items.
You cannot wear armour.
You gain extra lives every three experience levels.


Message History

Your guardian golem is smitten.
Your guardian golem overheats!
The orc priest hits your guardian golem but does no damage.
The orc priest hits your guardian golem but does no damage.
The orc priest hits your guardian golem but does no damage.
The orc priest hits your guardian golem but does no damage.
The orc priest begins to cast a cantrip, but forgets the words!
The orc priest hits your guardian golem with a +0 club.
Flame seeps out of your guardian golem.
The orc priest hits your guardian golem but does no damage.
Your guardian golem is engulfed in blazing flames.
Flame seeps out of your guardian golem.
The orc priest hits your guardian golem but does no damage.
Your guardian golem is engulfed in blazing flames.
Flame seeps out of your guardian golem.
Your guardian golem disappears in a puff of smoke!
Casting: Summon Guardian Golem (dangerous; 3% risk of failure)
Confirm with . or Enter, or press ? or * to list all spells.
A guardian golem appears, shielding your allies.
The orc priest hits your guardian golem but does no damage.
What are your orders? t - Meow!
Orders for allies: a - Attack new target. p - Attack previous target. r - Retreat! s - Stop attacking. g - Guard the area. f - Follow me.
Anything else - Cancel.
Gang up on whom?
Press: ? - help, Dir - move target, f/p - orc priest
Aim: an orc priest, wielding a +0 club (heavily wounded, ally target) Attack!
The orc priest hits your guardian golem but does no damage.
The orc priest hits your guardian golem with a +0 club.
The orc priest hits your guardian golem but does no damage.
The orc priest hits your guardian golem with a +0 club.
The orc priest hits your guardian golem with a +0 club.
The orc priest hits your guardian golem with a +0 club.
The orc priest hits your guardian golem but does no damage.
The orc priest calls down the wrath of Beogh upon you.
Beogh smites you!
You die...
Your body crumbles into a pile of gold.

### ...# #..
...#
#.#######....#
#.#@.9o.$....##
#.#)#####.#....
##....#......###
#>).............
#.#......#.####
#.#...##.#
#.#.$.##.#
#°###$##.#
#.h...##.# ..


You could see an orc priest (ally target) and a friendly guardian golem
(summoned).

Vanquished Creatures (collateral kills)
  Eustachio (D:5)
  2 phantoms (D:5)
  A necrophage (D:5)
  A scorpion (D:5)
  A jelly (D:6)
  5 hounds
  An iguana (D:5)
  2 orc wizards
  2 adders
  A shadow imp (D:5)
  4 white imps
  4 dart slugs
  10 orcs
  4 bats
  4 endoplasms
  2 giant cockroaches
  8 goblins
  7 hobgoblins
  3 jackals (D:3)
  3 kobolds
  4 quokkas
  2 ball pythons (D:3)
  A frilled lizard (D:2)
  2 rats
75 creatures vanquished.

Vanquished Creatures (others)
  A wraith (D:6)
  Edmund (D:5)
  A water moccasin (D:5)
  A necrophage (D:5)
  An orc priest (D:6)
  An orc wizard (D:6)
  5 plants (D:3)
11 creatures vanquished.

Grand Total: 86 creatures vanquished

Notes
Turn   | Place    | Note
-------+----------+-------------------------------------------
     0 | D:1      | virigoth the Felid Summoner began the quest for the Orb.
     0 | D:1      | Reached XP level 1. HP: 7/7 MP: 4/4
   245 | D:1      | Reached XP level 2. HP: 11/11 MP: 1/6
   249 | D:1      | Learned a level 2 spell: Call Imp
   861 | D:1      | Found a faded altar of an unknown god.
  1508 | D:2      | Noticed Robin
  1773 | D:3      | Reached XP level 3. HP: 11/14 MP: 5/8
  1777 | D:3      | Learned a level 3 spell: Call Canine Familiar
  1942 | D:3      | Identified the +4 chain mail of the Other Side {rC+ Int+2}
  2072 | D:3      | Reached XP level 4. HP: 15/18 MP: 5/9
  2262 | D:3      | Found a transporter.
  2338 | D:3      | Found a transporter.
  2450 | D:3      | Identified the +11 falchion of Sojeqyg {pain, Contam rPois
                  | Will++ Str+3}
  2594 | D:3      | Learned a level 3 spell: Summon Guardian Golem
  2788 | D:4      | Reached skill level 5 in Summonings
  2967 | D:5      | Entered Level 5 of the Dungeon
  2967 | D:5      | Noticed Edmund
  3303 | D:4      | Reached skill level 1 in Hexes
  3379 | D:5      | Noticed a phantom
  3384 | D:4      | Found a staircase to the Ecumenical Temple.
  3398 | Temple   | Entered the Ecumenical Temple
  3398 | Temple   | Found a transporter.
  3398 | Temple   | Found a transporter.
  3400 | Temple   | Found a transporter.
  3400 | Temple   | Found a transporter.
  3426 | Temple   | Became a worshipper of Gozag Ym Sagoz the Greedy
  3627 | D:5      | Reached XP level 5. HP: 21/21 MP: 11/11
  3650 | D:5      | Found a sand-covered staircase.
  3687 | D:5      | Reached skill level 1 in Fighting
  3718 | D:5      | Noticed a phantom
  3932 | D:7      | Noticed Duvessa
  3932 | D:7      | Noticed Dowan
  4163 | D:5      | Gained mutation: You are covered in thick fur. (AC +2)
                  | [Felid growth]
  4163 | D:5      | Reached XP level 6. HP: 13/25 MP: 7/12
  4187 | D:5      | Noticed a water moccasin
  4204 | D:5      | Noticed Eustachio
  4917 | D:5      | Killed a water moccasin
  4918 | D:5      | Reached XP level 7. HP: 30/30 MP: 10/14
  4948 | D:5      | Learned a level 4 spell: Summon Lightning Spire
  5029 | D:5      | Killed Edmund
  5175 | D:5      | Reached skill level 5 in Hexes
  5416 | D:5      | Killed from afar by Eustachio
  5417 | D:5      | Reached XP level 6. HP: -10/27 MP: 12/13
  5613 | D:5      | Killed Eustachio
  5614 | D:5      | Reached skill level 5 in Dodging
  5614 | D:5      | Reached skill level 6 in Summonings
  5614 | D:5      | Reached XP level 7. HP: 19/31 MP: 3/14
  6069 | D:5      | Slain by an iguana
  6070 | D:5      | Reached XP level 6. HP: 0/28 MP: 7/13
  6211 | D:5      | Reached skill level 1 in Air Magic
  6424 | D:6      | Noticed a wraith
  6440 | D:6      | Killed a wraith
  6662 | D:6      | Reached XP level 7. HP: 27/31 MP: 9/15
  6788 | D:6      | HP: 1/31 [orc priest/divine providence (12)]
  6880 | D:6      | Killed from afar by an orc priest

Illustrated notes

Levels and vault maps discovered:
D:1:      pf_arrival_petrified_forest, layout_basic, serial_corexii_hall,
          chequers_hall_statues_corner_a, corexii_hall_statues_l,
          chequers_hall_statues_wall_a, corexii_hall_statues_i,
          nicolae_ecumenical_lake_church, hangedman_decor_diamond_cutter
D:2:      layout_basic, uniq_robin, uniq_sigmund
D:3:      layout_loops_ring, gammafunk_ghost_gnarly_gnolls
D:4:      layout_basic, temple_green
D:5:      layout_basic, enter_ossuary_1, minmay_fractal_squares_5,
          uniq_eustachio, uniq_edmund
D:6:      layout_basic
D:7:      nicolae_cairo_tiling_large_dashed, layout_cave_pools,
          mainiacjoe_overflow_chevrons, uniq_duvessa
Temple:   hellmonk_temple_divided_pantheon

Skill      XL: |  1  2  3  4  5  6  7 |
---------------+----------------------+-----
Spellcasting   | 3 4 |  4.9
Summonings     | 5 6 |  6.4
Hexes          | 1 2 3 5 |  5.0
Dodging        | 3 5 |  5.7
Fighting       | 1 3 |  3.7
Air Magic      | 1 |  1.8
Stealth        | |  2.6

Action                   |  1- 3 |  4- 6 |  7- 9 || total
-------------------------+-------+-------+-------++-------
Melee: Unarmed           |     7 |     7 |       ||    14
       Bite              |     1 |     1 |       ||     2
 Cast: Summon Small Mamm |    30 |     8 |       ||    38
       Call Imp          |    14 |    15 |     4 ||    33
       Call Canine Famil |     5 |    30 |     4 ||    39
       Summon Guardian G |       |     9 |    14 ||    23
  Use: Scroll            |       |     8 |     2 ||    10
       Potion            |       |     1 |       ||     1
Armor: Skin              |     3 |     3 |       ||     6
Dodge: Dodged            |    36 |    47 |    14 ||    97
